 Dungeon Crawl Stone Soup version 0.27.1-1-g398f81649c (webtiles) character file.

Game seed: 6973092954122362587

1404 ABBCCCDDDD the Skirmisher (level 8, -2/57 (60) HPs)
             Began as an Octopode Monk on Sept 14, 2021.
             Slain by a wight (19 damage)
             ... on level 8 of the Dungeon.
             The game lasted 00:12:37 (10155 turns).

ABBCCCDDDD the Skirmisher (Octopode Monk)          Turns: 10155, Time: 00:12:38

HP:   -2/57 (60)    AC:  1    Str: 10    XL:     8   Next: 69%
MP:   11/11         EV: 14    Int: 16    God:
Gold: 329           SH:  0    Dex: 15    Spells: 11/11 levels left

rFire    . . .     SeeInvis +     - Unarmed
rCold    . . .     Faith    .   (no shield)
rNeg     . . .     Spirit   .   (helmet restricted)
rPois    .         Reflect  .   (no amulet)
rElec    .         Harm     .   n - ring of willpower
rCorr    .         Rampage  .   (no ring)
Will     +....                  (no ring)
Stlth    ++++......             (no ring)
HPRegen  0.19/turn              (no ring)
MPRegen  0.12/turn              (no ring)
                                (no ring)
                                (no ring)

@: drained
A: almost no armour, amphibious, 8 rings, camouflage 1, gelatinous body 1,
(nimble swimmer 1), tentacles, see invisible, clever 1
a: no special abilities


You were on level 8 of the Dungeon.
You visited 1 branch of the dungeon, and saw 8 of its levels.

You collected 329 gold pieces.

Inventory:

Missiles
 l - 14 poisoned darts (quivered)
 m - 4 javelins
Jewellery
 n - a ring of willpower (left tentacle)
Wands
 p - a wand of paralysis (8)
Scrolls
 b - a scroll of fear {unknown}
 e - 4 scrolls of enchant weapon {unknown}
 f - 2 scrolls of fog {unknown}
 g - 2 scrolls of acquirement {unknown}
 h - 2 scrolls of immolation {unknown}
 i - 4 scrolls of summoning {unknown}
 j - a scroll of magic mapping {unknown}
 k - 2 scrolls of enchant armour {unknown}
Potions
 a - a potion of mutation
 c - a potion of brilliance {unknown}
 d - a potion of berserk rage
 o - a potion of attraction {unknown}
 q - a potion of lignification {unknown}
 r - a potion of haste {unknown}


   Skills:
 - Level 7.0 Fighting
 - Level 3.8 Dodging
 - Level 4.0 Stealth
 - Level 6.0 Unarmed Combat
 - Level 2.0 Spellcasting
 + Level 5.3 Evocations


You had 11 spell levels left.
You didn't know any spells.
Your spell library contained the following spells:

 Spells                   Type           Power      Damage    Failure   Level
 Animate Skeleton         Necr           2%         N/A       21%         1
 Pain                     Necr           4%         1d4       21%         1
 Vampiric Draining        Necr           0%         2d6       52%         3
 Malign Gateway           Summ/Tloc      0%         N/A       100%        7
 Summon Horrible Things   Summ           0%         N/A       100%        8


Dungeon Overview and Level Annotations

Branches:
Dungeon (8/15)
 Temple: D:4-7         Lair: D:8-11

Altars:
Ru
Vehumet
Jiyva

Annotations:
D:4 Eustachio, Sigmund
D:5 exclusion: black bear
D:6 exclusion: ice beast
D:7 exclusion: black bear, Dowan, Duvessa, Pikel
D:8 3 runed translucent doors, exclusion: acid dragon, Tarasboulda's ghost, novice FoFi


Innate Abilities, Weirdness & Mutations

You cannot wear most types of armour.
You are amphibious.
You can wear up to eight rings at the same time.
Your skin changes colour to match your surroundings (Stealth+).
Your rubbery body absorbs attacks. (AC +1, EV +1)
((You are camouflaged near water. (Stealth+)))
You have tentacles for arms and can constrict up to eight enemies at once.
You have supernaturally acute eyesight. (SInv)
Your mind is acute. (Int +2)


Message History

Things that are here:
a +0 hand axe; a +0 robe
Found a fluorescent wand.
You tentacle-slap the wight. Your grab misses the wight.
The wight is moderately damaged.
The wight closely misses you.
You tentacle-slap the wight. Your grab misses the wight.
You squeeze the wight, but do no damage.
The wight is heavily damaged.
The wight misses you.
You tentacle-slap the wight but do no damage.
Your grab misses the wight.
The wight is heavily damaged.
The wight hits you with a +3 great sword!
You feel drained.
You tentacle-slap the wight but do no damage.
You grab the wight.
The wight is heavily damaged.
You constrict the wight, but do no damage.
The wight misses you.
You tentacle-slap the wight but do no damage.
You squeeze the wight, but do no damage.
The wight is heavily damaged.
You constrict the wight, but do no damage.
The wight hits you with a +3 great sword!
You tentacle-slap the wight but do no damage.
The wight is heavily damaged.
You constrict the wight, but do no damage.
The wight hits you with a +3 great sword!
* * * LOW HITPOINT WARNING * * *
You are too injured to fight recklessly!
You barely miss the wight.
You squeeze the wight, but do no damage.
The wight is heavily damaged.
You constrict the wight, but do no damage.
You tentacle-slap the wight but do no damage.
The wight is heavily damaged.
You constrict the wight.
The wight hits you with a +3 great sword!!
You die...

. ###.. . #/..... .##.
####........ .
....##........... .
..............#. .
(...............
#(##z..........
###...@./....#
######...........##
##................#
#..>..............#.
###...............!...#
#...........)..#.##..##
##............#.##..
...
#...................#
..
##........)##.......# .


You could see a wight.

Levels and vault maps discovered:
D:1:      doesnt_arrival_eight_statues, layout_basic, basic_ecumenical_altar
D:2:      layout_loops_cross, basic_altar, serial_bayou, serial_bayou_lagoon_a,
          serial_bayou_crossing, serial_bayou_lake_a, serial_bayou_lagoon_b,
          uniq_robin
D:3:      layout_loops_cross
D:4:      kennysheep_goblin_castle, layout_basic, uniq_sigmund, uniq_eustachio
D:5:      layout_basic
D:6:      layout_basic
D:7:      layout_loops_ring, hangedman_ru_absence,
          minmay_temple_entry_purple_smoke, serial_shops,
          nicolae_shop_window_shopping, shop, uniq_pikel, uniq_prince_ribbit1,
          uniq_duvessa
D:8:      minmay_slanted_spiral_squares, layout_cave_pools, gammafunk_ghost_ooze

Notes
Turn   | Place    | Note
-------+----------+-------------------------------------------
     0 | D:1      | ABBCCCDDDD the Octopode Monk began the quest for the Orb.
     0 | D:1      | Reached XP level 1. HP: 16/16 MP: 1/1
    11 | D:1      | Found a faded altar of an unknown god.
   346 | D:1      | Reached XP level 2. HP: 21/21 MP: 2/2
  1068 | D:2      | Reached XP level 3. HP: 10/26 MP: 3/3
  1395 | D:2      | Found a radiant altar of Vehumet.
  1471 | D:2      | Noticed Robin
  1755 | D:1      | Killed Robin
  1756 | D:1      | Reached XP level 4. HP: 25/31 MP: 4/4
  3337 | D:4      | Reached XP level 5. HP: 26/37 MP: 5/5
  3483 | D:4      | Noticed Sigmund
  3483 | D:4      | Noticed a black bear
  3487 | D:4      | Reached skill level 4 in Fighting
  3714 | D:4      | Reached skill level 1 in Spellcasting
  3777 | D:4      | Noticed Eustachio
  4085 | D:4      | Reached XP level 6. HP: 31/44 MP: 8/8
  4484 | D:5      | Entered Level 5 of the Dungeon
  4498 | D:5      | Noticed a necrophage
  4549 | D:5      | Killed a necrophage
  4550 | D:5      | Reached skill level 5 in Fighting
  4941 | D:5      | Noticed a black bear
  5574 | D:5      | Reached XP level 7. HP: 18/50 MP: 10/10
  6070 | D:5      | Reached skill level 5 in Unarmed Combat
  6100 | D:5      | Reached skill level 6 in Fighting
  7129 | D:6      | Reached XP level 8. HP: 51/58 MP: 11/11
  7669 | D:6      | Reached skill level 1 in Evocations
  8479 | D:7      | Reached skill level 7 in Fighting
  8483 | D:6      | Gained mutation: Your mind is acute. (Int +2) [potion of
                  | mutation]
  8483 | D:6      | Gained mutation: You have supernaturally acute eyesight.
                  | (SInv) [potion of mutation]
  8958 | D:7      | Noticed Duvessa
  8958 | D:7      | Noticed Dowan
  8958 | D:7      | Noticed Pikel
  9093 | D:7      | Found a sacrificial altar of Ru.
  9760 | D:8      | Found a runed translucent gate.
  9760 | D:8      | Found a runed translucent gate.
  9760 | D:8      | Found a runed translucent gate.
  9761 | D:8      | Noticed a slime creature
  9761 | D:8      | Noticed a slime creature
  9761 | D:8      | Noticed Tarasboulda's ghost (novice FoFi)
  9762 | D:8      | Noticed a slime creature
  9765 | D:8      | Found a viscous altar of Jiyva.
 10038 | D:8      | Reached skill level 5 in Evocations
 10155 | D:8      | Slain by a wight

Table legend: (Time is in decaauts)
 A = Elapsed time spent in this place.
 B = Non-inter-level travel time spent in this place.
 C = Inter-level travel time spent in this place.
 D = Time resting spent in this place.
 E = Time spent auto-exploring this place.
 F = Levels seen in this place.
 G = Mean time per level.
                   A        B        C        D        E       F      G
               +--------+--------+--------+--------+--------+-----+--------+
         Total |  10168 |   9822 |    346 |   3915 |   3625 |   8 | 1271.0 |
       Dungeon |  10168 |   9822 |    346 |   3915 |   3625 |   8 | 1271.0 |
               +--------+--------+--------+--------+--------+-----+--------+

Top non-repeatable levels by time:
     D:4: 2097 daAuts
     D:6: 1730 daAuts
     D:1: 1341 daAuts
     D:2: 1230 daAuts
     D:5: 1121 daAuts
     D:3: 1076 daAuts
     D:8: 899 daAuts
     D:7: 671 daAuts

Table legend:
 A = Kills in this place as a percentage of kills in entire the game.
 B = Kills by you in this place as a percentage of kills by you in the entire game.
 C = Kills by friends in this place as a percentage of kills by friends in the entire game.
 D = Other kills in this place as a percentage of other kills in the entire game.
 E = Experience gained in this place as a percentage of experience gained in the entire game.
 F = Experience gained in this place divided by the number of levels of this place that you have seen.
                   A       B       C       D       E      F
               +-------+-------+-------+-------+-------+----------------------
         Total | 100.0 | 100.0 |   N/A |   N/A | 100.0 | 250.8
       Dungeon | 100.0 | 100.0 |   N/A |   N/A | 100.0 | 250.8
               +-------+-------+-------+-------+-------+----------------------

Action                   |  1- 3 |  4- 6 |  7- 9 || total
-------------------------+-------+-------+-------++-------
Melee: Unarmed           |    75 |   117 |   129 ||   321
       Constrict         |    20 |    23 |    32 ||    75
       Tentacles         |    12 |    25 |    34 ||    71
       Punch             |       |     1 |     5 ||     6
Throw: Javelin           |     5 |    16 |       ||    21
       Dart              |       |     1 |    35 ||    36
  Use: Potion            |       |       |     2 ||     2
 Stab: Sleeping          |     7 |     5 |     4 ||    16
       Distracted        |       |     1 |       ||     1
Armor: Skin              |     4 |     2 |     3 ||     9
Dodge: Dodged            |    40 |    77 |    91 ||   208

Vanquished Creatures
  2 necrophages
  An ogre (D:5)
  2 centaurs
  3 wights (D:8)
  2 howler monkeys (D:7)
  A centaur zombie (D:5)
  3 hounds
  A bullfrog zombie (D:6)
  A gnoll shaman (D:7)
  A jelly (D:4)
  3 orc priests
  A centaur skeleton (D:4)
  3 iguanas
  4 orc wizards
  Robin (D:1)
  6 gnolls
  3 howler monkey skeletons
  8 adders
  A shadow imp (D:5)
  4 white imps
  A worm (D:4)
  An adder skeleton (D:4)
  12 orcs
  An endoplasm (D:3)
  2 giant cockroaches
  12 goblins
  11 hobgoblins
  3 jackals (D:1)
  6 kobolds
  A ball python (D:1)
  4 bats
  4 frilled lizards
  A rat (D:1)
110 creatures vanquished.

Vanquished Creatures (others)
  3 plants (D:2)
3 creatures vanquished.

Grand Total: 113 creatures vanquished
